 Dungeon Crawl Stone Soup version 0.20.1-1-g8b1a95d (webtiles) character file.

6308 Gremour the Cleaver (level 10, -4/94 HPs)
             Began as a Hill Orc Fighter on Dec 3, 2017.
             Was a Believer of Qazlal.
             Slain by a vampire (5 damage)
             ... on level 9 of the Dungeon.
             The game lasted 00:41:12 (8595 turns).

Gremour the Cleaver (Hill Orc Fighter)              Turns: 8595, Time: 00:41:14

Health: -4/94      AC:  9    Str: 20    XL:     10   Next: 95%
Magic:  10/10      EV:  9    Int:  8    God:    Qazlal [**....]
Gold:   413        SH: 14    Dex: 13    Spells: 9/9 levels left

rFire    . . .     SeeInvis .   y - +0 broad axe
rCold    . . .     Gourm    .   c - +0 shield
rNeg     . . .     Faith    .   C - +3 leather armour
rPois    .         Spirit   .   p - +1 helmet
rElec    .         Reflect  .   t - +0 cloak
rCorr    .         Harm     .   (no gloves)
MR       .....                  (no boots)
Stlth    +.........             (no amulet)
Regen    0.3/turn               l - ring of flight
MPRegen  0.2/turn               (no ring)

@: berserk cooldown, slowed, very slow
A: no striking features
a: Upheaval, Renounce Religion, Evoke Flight


You were on level 9 of the Dungeon.
You worshipped Qazlal.
Qazlal was pleased with you.
You were not hungry.

You visited 2 branches of the dungeon, and saw 10 of its levels.

You collected 413 gold pieces.

Inventory:

Hand Weapons
 a - a +1 war axe
 y - a +0 broad axe (weapon)
Armour
 b - a +0 scale mail
 c - a +0 shield (worn)
 n - the +1 plate armour "Osoleg" {rPois rF+ Str+3 Int-5}
   (You found it on level 7 of the Dungeon)

   It affects your strength (+3).
   It affects your intelligence (-5).
   It protects you from fire.
   It protects you from poison.
 p - a +1 helmet (worn)
 t - a +0 cloak (worn)
 C - a +3 leather armour (worn)
Jewellery
 l - a ring of flight (left hand)
 q - an uncursed amulet of faith
 x - an uncursed ring of ice
Wands
 i - a wand of disintegration (12/24)
 u - a wand of paralysis (24/24)
 D - a wand of iceblast (10/15)
Scrolls
 d - 3 scrolls of teleportation
 k - 2 scrolls of remove curse
 r - a scroll of enchant armour
 v - a scroll of recharging
Potions
 e - a potion of resistance
 g - 3 potions of curing
 j - 3 potions of brilliance
 m - 2 potions of invisibility
 z - a potion of agility
 A - 2 potions of flight
Books
 E - a book of Clouds

   Spells                             Type                      Level
   a - Poisonous Vapours              Poison/Air                   2
   b - Mephitic Cloud                 Conjuration/Poison/Air       3
   c - Conjure Flame                  Conjuration/Fire             3
   d - Freezing Cloud                 Conjuration/Ice/Air          6
   e - Ring of Flames                 Charms/Fire                  7
Comestibles
 f - 8 bread rations
 h - 5 meat rations
 o - 7 royal jellies
 B - 2 fruits


   Skills:
 + Level 10.6 Fighting
 + Level 14.2 Axes
 * Level 3.5 Armour
 * Level 9.3 Shields


You had 9 spell levels left.
You didn't know any spells.

Dungeon Overview and Level Annotations

Branches:
Dungeon (9/15)             Temple (1/1) D:7            Lair (0/6) D:8
    Orc: D:9-12

Altars:
Ashenzari
Cheibriados
Dithmenos
Elyvilon
Fedhas
Gozag
Kikubaaqudgha
Makhleb
Nemelex Xobeh
Okawaru
Qazlal
Ru
Sif Muna
Trog
Uskayaw
Vehumet
Xom
Zin

Shops:
D:4 [   D:8 *


Message History

The vampire is infused with unholy energy.
* * * LOW HITPOINT WARNING * * *
The vampire draws life force from you and is healed!
You are no longer berserk.
You are exhausted.
You feel yourself slow down.
The vampire is infused with unholy energy.
* * * LOW HITPOINT WARNING * * *
The vampire draws life force from you and is healed!
The vampire mumbles some strange words.
The vampire flickers and vanishes!
Deactivating autopickup; reactivate with Ctrl-A.
You're too confused!
You feel less confused.
You hear some strange, mumbled words.
Something tries to affect you, but you resist.
Something hits you!
* * * LOW HITPOINT WARNING * * *
Something bites you.
You die...

#. ###### ...
#....## ...
#.§@..#
###'##..{.§#
#..>........#
#...........#
##...##..####
######..####.#.
#...#.....
#...#.....
#...#....


There were no monsters in sight!

Vanquished Creatures
  2 two-headed ogres (D:8)
  A hornet (D:9)
  A hippogriff (D:8)
  Sigmund (D:5)
  3 hogs (D:7)
  2 yaks
  2 basilisks (D:8)
  Eustachio (D:5)
  A human (D:7)
  The ghost of ceb the Bolt Thrower, an amateur DsHu (D:7)
  Menkaure (D:5)
  Duvessa (D:5)
  2 ice beasts (D:6)
  A sky beast (D:7)
  A black bear (D:5)
  An eye of draining (D:5)
  2 orc warriors (D:7)
  2 ogres
  A necrophage (D:8)
  A centaur (D:6)
  3 big kobolds (D:7)
  5 bullfrogs
  Dowan (D:5)
  A water moccasin skeleton (D:7)
  6 killer bees (D:9)
  A crimson imp (D:8)
  3 jellies
  8 hounds
  An orc priest (D:8)
  Crazy Yiuf (D:3)
  A bullfrog skeleton (D:7)
  Terence (D:1)
  Ijyb (D:5)
  2 iguanas (D:8)
  4 orc wizards
  7 worker ants
  The ghost of letownia2 the Grave Robber, a weakling DDNe (D:5)
  A hound zombie (D:9)
  A worker ant zombie (D:8)
  A howler monkey skeleton (D:6)
  9 adders
  3 shadow imps
  An adder skeleton (D:5)
  4 worms
  2 dart slugs (D:1)
  2 leopard geckos
  19 orcs
  5 giant cockroaches
  9 goblins
  7 hobgoblins
  23 kobolds
  8 quokkas
  2 ball pythons
  8 bats
  6 frilled lizards
  2 quokka skeletons
  7 rats
195 creatures vanquished.

Notes
Turn   | Place    | Note
-------+----------+-------------------------------------------
     0 | D:1      | Gremour the Hill Orc Fighter began the quest for the Orb.
     0 | D:1      | Reached XP level 1. HP: 19/19 MP: 1/1
    74 | D:1      | Reached skill level 3 in Axes
   164 | D:1      | Reached XP level 2. HP: 26/26 MP: 2/2
   294 | D:1      | Reached skill level 4 in Axes
   423 | D:1      | Reached XP level 3. HP: 29/31 MP: 3/3
   506 | D:2      | Noticed Terence
   518 | D:1      | Killed Terence
   518 | D:1      | Reached skill level 5 in Axes
   723 | D:2      | Reached XP level 4. HP: 31/39 MP: 4/4
  1119 | D:2      | Reached skill level 6 in Axes
  1748 | D:3      | Found a runed door.
  1779 | D:3      | Reached XP level 5. HP: 45/45 MP: 5/5
  2600 | D:3      | Noticed Crazy Yiuf
  2606 | D:3      | Killed Crazy Yiuf
  2606 | D:3      | Reached skill level 7 in Axes
  2809 | D:4      | Found a white marble altar of Elyvilon.
  2876 | D:4      | Found Wievvuje's Armour Shop.
  3166 | D:5      | Entered Level 5 of the Dungeon
  3271 | D:5      | Noticed Menkaure
  3281 | D:5      | Killed Menkaure
  3281 | D:5      | Reached skill level 8 in Axes
  3281 | D:5      | Reached XP level 6. HP: 23/51 MP: 6/6
  3479 | D:5      | Noticed Eustachio
  3483 | D:5      | Killed Eustachio
  3483 | D:5      | Reached skill level 9 in Axes
  3483 | D:5      | Reached XP level 7. HP: 57/57 MP: 7/7
  3506 | D:5      | Noticed Dowan
  3508 | D:5      | Noticed Duvessa
  3528 | D:5      | Killed Duvessa
  3528 | D:5      | Reached skill level 10 in Axes
  3534 | D:5      | Killed Dowan
  3546 | D:5      | Reached skill level 11 in Axes
  3800 | D:5      | Noticed Sigmund
  3808 | D:5      | Killed Sigmund
  3808 | D:5      | Reached XP level 8. HP: 64/64 MP: 8/8
  3961 | D:5      | Reached skill level 12 in Axes
  4171 | D:5      | Noticed letownia2's ghost (weakling DDNe)
  4181 | D:5      | Noticed Ijyb
  4183 | D:5      | Killed letownia2's ghost
  4198 | D:5      | Killed Ijyb
  4416 | D:6      | Reached skill level 13 in Axes
  4518 | D:6      | Found an ancient bone altar of Kikubaaqudgha.
  5115 | D:7      | Reached skill level 14 in Axes
  5115 | D:7      | Reached XP level 9. HP: 70/70 MP: 9/9
  5129 | D:7      | Noticed ceb's ghost (amateur DsHu)
  5149 | D:7      | Killed ceb's ghost
  5266 | D:7      | Reached skill level 5 in Shields
  5271 | D:7      | Reached skill level 5 in Fighting
  5621 | D:7      | Got a smelly plate armour
  5632 | D:7      | Identified the cursed +1 plate armour "Osoleg" {rPois rF+ Str+3 Int-5} (You found it on level 7 of the Dungeon)
  5768 | D:7      | Found a staircase to the Ecumenical Temple.
  5869 | Temple   | Entered the Ecumenical Temple
  5937 | Temple   | Became a worshipper of Qazlal Stormbringer
  6149 | D:7      | Reached XP level 10. HP: 83/88 MP: 10/10
  6593 | D:8      | Reached * piety under Qazlal
  6822 | D:8      | Found a white marble altar of Elyvilon.
  6943 | D:8      | Found a burning altar of Makhleb.
  6957 | D:8      | Noticed a two-headed ogre
  6971 | D:8      | Killed a two-headed ogre
  7090 | D:8      | Noticed a two-headed ogre
  7101 | D:8      | Killed a two-headed ogre
  7503 | D:8      | Found Zin's Purification Station.
  7506 | D:8      | Found a glowing silver altar of Zin.
  7511 | D:8      | Found a staircase to the Lair.
  7516 | D:8      | Reached skill level 10 in Fighting
  8035 | D:9      | Reached ** piety under Qazlal
  8595 | D:9      | HP: 1/94 [something (8)]
  8595 | D:9      | Slain by a vampire

Skill      XL: |  1  2  3  4  5  6  7  8  9 10 |
---------------+-------------------------------+-----
Axes           | 3 4 5 6 8 9 11 14 | 14.2
Shields        | 6 9 |  9.3
Fighting       | 7 10 | 10.6
Armour         | |  3.5

Action                   |  1- 3 |  4- 6 |  7- 9 | 10-12 || total
-------------------------+-------+-------+-------+-------++-------
Melee: War axe           |    56 |   149 |       |       ||   205
       Broad axe         |       |    13 |   326 |   208 ||   547
Evoke: Wand              |       |       |       |     1 ||     1
  Use: Potion            |     1 |     4 |     5 |     9 ||    19
       Scroll            |       |    12 |     1 |     3 ||    16
 Stab: Invisible         |       |       |       |     3 ||     3
  Eat: Chunk             |       |     8 |     9 |     8 ||    25
Armor: Scale mail        |    30 |    70 |    85 |       ||   185
       Plate armour      |       |       |    49 |   155 ||   204
       Leather armour    |       |       |       |    21 ||    21
Dodge: Dodged            |    24 |    44 |    69 |    58 ||   195
Block: Shield            |    31 |    84 |   127 |   141 ||   383
